 Dungeon Crawl Stone Soup version 0.20-a0-540-ge6d1839 (webtiles) character file.

19 Rhoefr the Sneak (level 2, 0/17 HPs)
             Began as an Octopode Earth Elementalist on Jan 29, 2017.
             Slain by a kobold
             ... wielding a +0 short sword
              (6 damage)
             ... on level 1 of the Dungeon.
             The game lasted 00:01:38 (943 turns).

Rhoefr the Sneak (Octopode Earth Elementalist)       Turns: 943, Time: 00:01:39

Health: 0/17       AC:  1    Str:  7    XL:     2   Next: 75%
Magic:  4/5        EV: 13    Int: 17    God:
Gold:   16         SH:  0    Dex: 12    Spells: 2/5 levels left

rFire    . . .     SeeInvis .   a - +0 dagger
rCold    . . .     Gourm    .   (no shield)
rNeg     . . .     Faith    .   (helmet restricted)
rPois    .         Spirit   .   (no amulet)
rElec    .         Reflect  .   (no ring)
rCorr    .         Harm     .   (no ring)
MR       .....                  (no ring)
Stlth    +++.......             (no ring)
Regen    0.1/turn               (no ring)
                                (no ring)
                                (no ring)
                                (no ring)

@: no status effects
A: almost no armour, stealthy swim, amphibious, 8 rings, constrict 8, camouflage
1, gelatinous body 1
a: no special abilities


You were on level 1 of the Dungeon.
You were not hungry.

You visited 1 branch of the dungeon, and saw 1 of its levels.

You collected 16 gold pieces.

Inventory:

Hand Weapons
 a - a +0 dagger (weapon)
Missiles
 b - 49 stones (quivered)
Scrolls
 h - 3 scrolls of remove curse {unknown}
 j - a scroll of magic mapping {unknown}
Potions
 e - a potion of agility {unknown}
 f - 2 potions of brilliance {unknown}
 i - a potion of curing {unknown}
Books
 d - a book of Geomancy

   Spells                             Type                      Level
   a - Sandblast                      Earth                        1
   b - Passwall                       Transmutation/Earth          2
   c - Stone Arrow                    Conjuration/Earth            3
   d - Petrify                        Transmutation/Earth          4
   e - Lee's Rapid Deconstruction     Earth                        5
Comestibles
 c - 2 bread rations


   Skills:
 - Level 2.0 Dodging
 + Level 3.7 Stealth
 - Level 2.0 Spellcasting
 - Level 1.0 Transmutations
 + Level 3.4 Earth Magic


You had 2 spell levels left.
You knew the following spells:

 Your Spells              Type           Power        Failure   Level  Hunger
a - Sandblast             Erth           ##....       6%          1    #......
b - Passwall              Tmut/Erth      #.........   14%         2    ###....


Dungeon Overview and Level Annotations

Branches:
Dungeon (1/15)

Altars:


Innate Abilities, Weirdness & Mutations

You cannot wear most types of armour.
You are very stealthy in the water. (Stealth+)
You are amphibious.
You can wear up to eight rings at the same time.
You can use your tentacles to constrict eight enemies at once.
Your skin changes colour to match your surroundings (Stealth+).
Your rubbery body absorbs attacks. (AC +1, EV +1)


Message History

There is an open door here.
A kobold comes into view. It is wielding a short sword.
The kobold shouts!
You hit the kobold but do no damage. You grab the kobold.
You constrict the kobold. The kobold hits you with a short sword!
You hit the kobold but do no damage.
The kobold is moderately wounded.
You constrict the kobold, but do no damage.
The kobold hits you with a short sword.
You are too injured to fight recklessly!
Casting: Sandblast
Confirm with . or Enter, or press ? or * to list all spells.
Aiming: Sandblast
Press: ? - help, Shift-Dir - straight line, f - kobold
Aim: a kobold, wielding a short sword (moderately wounded, constricted by you)
The blast of sand hits the kobold.
The kobold is moderately wounded.
b - 49 stones You constrict the kobold.
The kobold hits you with a short sword.
You die...

##### ######## ###### #...#
#......# #....# ##...#
#......# #....# #....#
#......# #....# #....#
#......# #....# #....#
#......# #....# #.K..#
#....... #....# #.@..#
#......# #....#
#....#######....... #....#
#...........#+#'### ##....#
####.######.#......
#.....######.### #.#...###
#...)..........# #)#...#
#.....######.#.####.#.#####
#.....#.......>............
#.....#.####...##.#.#.#####


You could see a kobold.

Vanquished Creatures
  A leopard gecko (D:1)
  2 goblins (D:1)
  5 hobgoblins (D:1)
  4 bats (D:1)
  A frilled lizard (D:1)
  4 kobolds (D:1)
  A rat (D:1)
18 creatures vanquished.

Notes
Turn   | Place    | Note
-------+----------+-------------------------------------------
     0 | D:1      | Rhoefr the Octopode Earth Elementalist began the quest for the Orb.
     0 | D:1      | Reached XP level 1. HP: 11/11 MP: 3/3
   511 | D:1      | Reached XP level 2. HP: 17/17 MP: 5/5
   689 | D:1      | Learned a level 2 spell: Passwall
   943 | D:1      | Slain by a kobold

Vault maps used:
D:1:      elethiomel_arrival_maze

Skill      XL: |  1 |
---------------+----+-----
Stealth        | 3 |  3.7
Dodging        | |  2.0
Spellcasting   | |  2.0
Transmutations | |  1.0
Earth Magic    | |  3.4

Action                   || total
-------------------------++-------
Melee: Dagger            ||    30
       Tentacles         ||     6
       Constrict         ||     9
       Unarmed           ||     3
 Cast: Sandblast         ||     5
 Stab: Sleeping          ||     8
Armor: Skin              ||     3
Dodge: Dodged            ||    20
